Workbook

Sheet SS
I1: Bloemfontein | K1: Uitenhage | M1: Durban | O1: Koedoespoort | Q1: Salt River | S1: Germiston
A2: Component number | B2: Purchase order Long text Detailed Description | C2: Name of Mill used for Price | D2: ROE to be used [where mill is sourced internationally ] | E2: February 2022 Mill Price [Rand Per Ton] | F2: Value add [Rand per ton] | G2: Total Value Add for item | H2: Item Weight (Kg) | I2: Logistic Costs per item | J2: Final Price excluding VAT | K2: Logistic Costs per item | L2: Final Price excluding VAT | M2: Logistic Costs per item | N2: Final Price excluding VAT | O2: Logistic Costs per item | P2: Final Price excluding VAT | Q2: Logistic Costs per item | R2: Final Price excluding VAT | S2: Logistic Costs per item | T2: Final Price excluding VAT | U2: Quantity | V2: Weigt Kg
A3: 011670461 | B3: Material Grade New: EN 100088 3CR12 Material Grade Old: N/A Material Shape / Form: Plate Length: 2800mm Width: 1524mm Height: N/A Thickness: 5mm Diameter: N/A General: Material certificate to EN 10204 type 3.1 to be supplied. No rust or corrosion on the surface allowed. Precision Cut | G3: =F3*H3 -> 0 | I3: =H3*'Bucket Category'!E$9/1000 -> 0 | J3: =IF(E3/1000*H3,"No Mill Price",I3+G3+(H3*E3/1000)) -> 0 | K3: =H3*'Bucket Category'!F$9/1000 -> 0 | L3: =IF(H3/1000*E3,"No Mill Price",K3+H3+(H3*E3/1000)) -> 0 | M3: =H3*'Bucket Category'!G$9/1000 -> 0 | N3: =IF(H3/1000*E3,"No Mill Price",M3+H3+(H3*E3/1000)) -> 0 | O3: =H3*'Bucket Category'!H$9/1000 -> 0 | P3: =IF(H3/1000*E3,"No Mill Price",O3+H3+(H3*E3/1000)) -> 0 | Q3: =H3*'Bucket Category'!I$9/1000 -> 0 | R3: =IF(H3/1000*E3,"No Mill Price",Q3+H3+(H3*E3/1000)) -> 0 | S3: =J3*'Bucket Category'!J$9/1000 -> 0 | T3: =IF(H3/1000*E3,"No Mill Price",S3+H3+(E3*H3/1000)) -> 0 | U3: =VLOOKUP(A3,'[1]Steel Tender'!$A$2:$T$441,20,FALSE) -> 3769.8586 | V3: =U3*H3 -> 0
A4: 011670464 | B4: Material Grade New: EN 10088 3CR12 Material Grade Old: N/A Material Shape / Form: Plate Length: 3100mm Width: 1100mm Height: N/A Thickness: 6mm Diameter: N/A General: Material certificate to EN 10204 type 3.1 to be supplied. No rust or corrosion on the surface allowed. | G4: =F4*H4 -> 0 | I4: =H4*'Bucket Category'!E$9/1000 -> 0 | J4: =IF(E4/1000*H4,"No Mill Price",I4+G4+(H4*E4/1000)) -> 0 | K4: =H4*'Bucket Category'!F$9/1000 -> 0 | L4: =IF(H4/1000*E4,"No Mill Price",K4+H4+(H4*E4/1000)) -> 0 | M4: =H4*'Bucket Category'!G$9/1000 -> 0 | N4: =IF(H4/1000*E4,"No Mill Price",M4+H4+(H4*E4/1000)) -> 0 | O4: =H4*'Bucket Category'!H$9/1000 -> 0 | P4: =IF(H4/1000*E4,"No Mill Price",O4+H4+(H4*E4/1000)) -> 0 | Q4: =H4*'Bucket Category'!I$9/1000 -> 0 | R4: =IF(H4/1000*E4,"No Mill Price",Q4+H4+(H4*E4/1000)) -> 0 | S4: =J4*'Bucket Category'!J$9/1000 -> 0 | T4: =IF(H4/1000*E4,"No Mill Price",S4+H4+(E4*H4/1000)) -> 0 | U4: =VLOOKUP(A4,'[1]Steel Tender'!$A$2:$T$441,20,FALSE) -> 3073.3636 | V4: =U4*H4 -> 0
A5: 011670463 | B5: Material Grade New: EN 10088 3CR12 Material Grade Old: N/A Material Shape / Form: Plate Length: 3000mm Width: 1100mm Height: N/A Thickness: 6mm Diameter: N/A General: Material certificate to EN 10204 type 3.1 to be supplied. No rust or corrosion on the surface allowed. | G5: =F5*H5 -> 0 | I5: =H5*'Bucket Category'!E$9/1000 -> 0 | J5: =IF(E5/1000*H5,"No Mill Price",I5+G5+(H5*E5/1000)) -> 0 | K5: =H5*'Bucket Category'!F$9/1000 -> 0 | L5: =IF(H5/1000*E5,"No Mill Price",K5+H5+(H5*E5/1000)) -> 0 | M5: =H5*'Bucket Category'!G$9/1000 -> 0 | N5: =IF(H5/1000*E5,"No Mill Price",M5+H5+(H5*E5/1000)) -> 0 | O5: =H5*'Bucket Category'!H$9/1000 -> 0 | P5: =IF(H5/1000*E5,"No Mill Price",O5+H5+(H5*E5/1000)) -> 0 | Q5: =H5*'Bucket Category'!I$9/1000 -> 0 | R5: =IF(H5/1000*E5,"No Mill Price",Q5+H5+(H5*E5/1000)) -> 0 | S5: =J5*'Bucket Category'!J$9/1000 -> 0 | T5: =IF(H5/1000*E5,"No Mill Price",S5+H5+(E5*H5/1000)) -> 0 | U5: =VLOOKUP(A5,'[1]Steel Tender'!$A$2:$T$441,20,FALSE) -> 2623.7191 | V5: =U5*H5 -> 0
A6: 114000291 | B6: Material Grade New: EN 10088 3CR12 Material Grade Old: 3CR12 Material Shape / Form: Sheet Length:3000mm Width: 1500mm Height: N/A Thickness: 3mm Diameter: N/A General: Material certificate to EN 10204 type 3.1 to be supplied. No rust or corrosion on the surface allowed. | G6: =F6*H6 -> 0 | I6: =H6*'Bucket Category'!E$9/1000 -> 0 | J6: =IF(E6/1000*H6,"No Mill Price",I6+G6+(H6*E6/1000)) -> 0 | K6: =H6*'Bucket Category'!F$9/1000 -> 0 | L6: =IF(H6/1000*E6,"No Mill Price",K6+H6+(H6*E6/1000)) -> 0 | M6: =H6*'Bucket Category'!G$9/1000 -> 0 | N6: =IF(H6/1000*E6,"No Mill Price",M6+H6+(H6*E6/1000)) -> 0 | O6: =H6*'Bucket Category'!H$9/1000 -> 0 | P6: =IF(H6/1000*E6,"No Mill Price",O6+H6+(H6*E6/1000)) -> 0 | Q6: =H6*'Bucket Category'!I$9/1000 -> 0 | R6: =IF(H6/1000*E6,"No Mill Price",Q6+H6+(H6*E6/1000)) -> 0 | S6: =J6*'Bucket Category'!J$9/1000 -> 0 | T6: =IF(H6/1000*E6,"No Mill Price",S6+H6+(E6*H6/1000)) -> 0 | U6: =VLOOKUP(A6,'[1]Steel Tender'!$A$2:$T$441,20,FALSE) -> 4914.816 | V6: =U6*H6 -> 0
A7: 011670462 | B7: Material Grade New: EN 100088 3CR12 Material Grade Old: N/A Material Shape / Form: Plate Length: 3048mm Width: 1524mm Height: N/A Thickness: 5mm Diameter: N/A General: Material certificate to EN 10204 type 3.1 to be supplied. No rust or corrosion on the surface allowed. Special Feauture: Precision Cut | G7: =F7*H7 -> 0 | I7: =H7*'Bucket Category'!E$9/1000 -> 0 | J7: =IF(E7/1000*H7,"No Mill Price",I7+G7+(H7*E7/1000)) -> 0 | K7: =H7*'Bucket Category'!F$9/1000 -> 0 | L7: =IF(H7/1000*E7,"No Mill Price",K7+H7+(H7*E7/1000)) -> 0 | M7: =H7*'Bucket Category'!G$9/1000 -> 0 | N7: =IF(H7/1000*E7,"No Mill Price",M7+H7+(H7*E7/1000)) -> 0 | O7: =H7*'Bucket Category'!H$9/1000 -> 0 | P7: =IF(H7/1000*E7,"No Mill Price",O7+H7+(H7*E7/1000)) -> 0 | Q7: =H7*'Bucket Category'!I$9/1000 -> 0 | R7: =IF(H7/1000*E7,"No Mill Price",Q7+H7+(H7*E7/1000)) -> 0 | S7: =J7*'Bucket Category'!J$9/1000 -> 0 | T7: =IF(H7/1000*E7,"No Mill Price",S7+H7+(E7*H7/1000)) -> 0 | U7: =VLOOKUP(A7,'[1]Steel Tender'!$A$2:$T$441,20,FALSE) -> 1901.3136 | V7: =U7*H7 -> 0
A8: 011671994 | B8: Material Grade New: EN 10088 3CR12 Material Grade Old: N/A Material Shape / Form: Plate Length: 2735mm Width: 1070mm Height: N/A Thickness: 8mm Diameter: N/A General: Material certificate to EN 10204 type 3.1 to be supplied. No rust or corrosion on the surface allowed. | G8: =F8*H8 -> 0 | I8: =H8*'Bucket Category'!E$9/1000 -> 0 | J8: =IF(E8/1000*H8,"No Mill Price",I8+G8+(H8*E8/1000)) -> 0 | K8: =H8*'Bucket Category'!F$9/1000 -> 0 | L8: =IF(H8/1000*E8,"No Mill Price",K8+H8+(H8*E8/1000)) -> 0 | M8: =H8*'Bucket Category'!G$9/1000 -> 0 | N8: =IF(H8/1000*E8,"No Mill Price",M8+H8+(H8*E8/1000)) -> 0 | O8: =H8*'Bucket Category'!H$9/1000 -> 0 | P8: =IF(H8/1000*E8,"No Mill Price",O8+H8+(H8*E8/1000)) -> 0 | Q8: =H8*'Bucket Category'!I$9/1000 -> 0 | R8: =IF(H8/1000*E8,"No Mill Price",Q8+H8+(H8*E8/1000)) -> 0 | S8: =J8*'Bucket Category'!J$9/1000 -> 0 | T8: =IF(H8/1000*E8,"No Mill Price",S8+H8+(E8*H8/1000)) -> 0 | U8: =VLOOKUP(A8,'[1]Steel Tender'!$A$2:$T$441,20,FALSE) -> 1285.3636 | V8: =U8*H8 -> 0
A9: 011670457 | B9: Material Grade New: EN 100088 3CR12 Material Grade Old: N/A Material Shape / Form: Plate Length: 3000mm Width: 1100mm Height: N/A Thickness: 8mm Diameter: N/A General: Material certificate to EN 10204 type 3.1 to be supplied. No rust or corrosion on the surface allowed. HRA | G9: =F9*H9 -> 0 | I9: =H9*'Bucket Category'!E$9/1000 -> 0 | J9: =IF(E9/1000*H9,"No Mill Price",I9+G9+(H9*E9/1000)) -> 0 | K9: =H9*'Bucket Category'!F$9/1000 -> 0 | L9: =IF(H9/1000*E9,"No Mill Price",K9+H9+(H9*E9/1000)) -> 0 | M9: =H9*'Bucket Category'!G$9/1000 -> 0 | N9: =IF(H9/1000*E9,"No Mill Price",M9+H9+(H9*E9/1000)) -> 0 | O9: =H9*'Bucket Category'!H$9/1000 -> 0 | P9: =IF(H9/1000*E9,"No Mill Price",O9+H9+(H9*E9/1000)) -> 0 | Q9: =H9*'Bucket Category'!I$9/1000 -> 0 | R9: =IF(H9/1000*E9,"No Mill Price",Q9+H9+(H9*E9/1000)) -> 0 | S9: =J9*'Bucket Category'!J$9/1000 -> 0 | T9: =IF(H9/1000*E9,"No Mill Price",S9+H9+(E9*H9/1000)) -> 0 | U9: =VLOOKUP(A9,'[1]Steel Tender'!$A$2:$T$441,20,FALSE) -> 1192 | V9: =U9*H9 -> 0
A10: 611000267 | B10: Material Grade New: EN10088 3CR12 Material Grade Old: N/A Material Shape / Form: Plate Length: 2580mm Width: 1290mm Height: N/A Thickness: 12mm Diameter: N/A General: Material certificate to EN 10204 type 3.1 to be supplied. No rust or corrosion on the surface allowed. FABRICATION METHOD: HOT ROLLED SPECIAL FEATURES: BLACK; FOR WAGON FLOOR, CCL | G10: =F10*H10 -> 0 | I10: =H10*'Bucket Category'!E$9/1000 -> 0 | J10: =IF(E10/1000*H10,"No Mill Price",I10+G10+(H10*E10/1000)) -> 0 | K10: =H10*'Bucket Category'!F$9/1000 -> 0 | L10: =IF(H10/1000*E10,"No Mill Price",K10+H10+(H10*E10/1000)) -> 0 | M10: =H10*'Bucket Category'!G$9/1000 -> 0 | N10: =IF(H10/1000*E10,"No Mill Price",M10+H10+(H10*E10/1000)) -> 0 | O10: =H10*'Bucket Category'!H$9/1000 -> 0 | P10: =IF(H10/1000*E10,"No Mill Price",O10+H10+(H10*E10/1000)) -> 0 | Q10: =H10*'Bucket Category'!I$9/1000 -> 0 | R10: =IF(H10/1000*E10,"No Mill Price",Q10+H10+(H10*E10/1000)) -> 0 | S10: =J10*'Bucket Category'!J$9/1000 -> 0 | T10: =IF(H10/1000*E10,"No Mill Price",S10+H10+(E10*H10/1000)) -> 0 | U10: =VLOOKUP(A10,'[1]Steel Tender'!$A$2:$T$441,20,FALSE) -> 630.7809 | V10: =U10*H10 -> 0
A11: 914500562 | B11: Material Grade New: EN 10088 3CR12 Material Grade Old: N/A Material Shape / Form: Plate Length: 2170mm Width: 1500mm Height: N/A Thickness: 4mm Diameter: N/A General: Material certificate to EN 10204 type 3.1 to be supplied. No rust or corrosion on the surface allowed. ZINC PLATED STEEL. FABRICATION METHOD: HOT ROLLED. YIELD STRENGTH 345 MPA. | G11: =F11*H11 -> 0 | I11: =H11*'Bucket Category'!E$9/1000 -> 0 | J11: =IF(E11/1000*H11,"No Mill Price",I11+G11+(H11*E11/1000)) -> 0 | K11: =H11*'Bucket Category'!F$9/1000 -> 0 | L11: =IF(H11/1000*E11,"No Mill Price",K11+H11+(H11*E11/1000)) -> 0 | M11: =H11*'Bucket Category'!G$9/1000 -> 0 | N11: =IF(H11/1000*E11,"No Mill Price",M11+H11+(H11*E11/1000)) -> 0 | O11: =H11*'Bucket Category'!H$9/1000 -> 0 | P11: =IF(H11/1000*E11,"No Mill Price",O11+H11+(H11*E11/1000)) -> 0 | Q11: =H11*'Bucket Category'!I$9/1000 -> 0 | R11: =IF(H11/1000*E11,"No Mill Price",Q11+H11+(H11*E11/1000)) -> 0 | S11: =J11*'Bucket Category'!J$9/1000 -> 0 | T11: =IF(H11/1000*E11,"No Mill Price",S11+H11+(E11*H11/1000)) -> 0 | U11: =VLOOKUP(A11,'[1]Steel Tender'!$A$2:$T$441,20,FALSE) -> 1472 | V11: =U11*H11 -> 0
A12: 914500236 | B12: Material Grade New: EN 10088 3CR12 Material Grade Old: N/A Material Shape / Form: Plate Length: 3400mm Width: 1565.6mm Height: N/A Thickness: 6mm Diameter: N/A General: Material certificate to EN 10204 type 3.1 to be supplied. ZINC PLATED STEEL. FABRICATION METHOD: HOT ROLLED. WIDTH UNTRIMMED. | G12: =F12*H12 -> 0 | I12: =H12*'Bucket Category'!E$9/1000 -> 0 | J12: =IF(E12/1000*H12,"No Mill Price",I12+G12+(H12*E12/1000)) -> 0 | K12: =H12*'Bucket Category'!F$9/1000 -> 0 | L12: =IF(H12/1000*E12,"No Mill Price",K12+H12+(H12*E12/1000)) -> 0 | M12: =H12*'Bucket Category'!G$9/1000 -> 0 | N12: =IF(H12/1000*E12,"No Mill Price",M12+H12+(H12*E12/1000)) -> 0 | O12: =H12*'Bucket Category'!H$9/1000 -> 0 | P12: =IF(H12/1000*E12,"No Mill Price",O12+H12+(H12*E12/1000)) -> 0 | Q12: =H12*'Bucket Category'!I$9/1000 -> 0 | R12: =IF(H12/1000*E12,"No Mill Price",Q12+H12+(H12*E12/1000)) -> 0 | S12: =J12*'Bucket Category'!J$9/1000 -> 0 | T12: =IF(H12/1000*E12,"No Mill Price",S12+H12+(E12*H12/1000)) -> 0 | U12: =VLOOKUP(A12,'[1]Steel Tender'!$A$2:$T$441,20,FALSE) -> 1411.5286 | V12: =U12*H12 -> 0
A13: 511420112 | B13: Material Grade New: EN10088 3CR12 Material Grade Old: N/A Material Shape / Form: Plate Length: 2200mm Width: 1300mm Height N/A: Thickness: 4mm Diameter: N/A General: Material certificate to EN 10204 type 3.1 to be supplied. No rust or corrosion on the surface allowed. FABRICATION METHOD: HOT ROLLED. ZINC PLATED STEEL | G13: =F13*H13 -> 0 | I13: =H13*'Bucket Category'!E$9/1000 -> 0 | J13: =IF(E13/1000*H13,"No Mill Price",I13+G13+(H13*E13/1000)) -> 0 | K13: =H13*'Bucket Category'!F$9/1000 -> 0 | L13: =IF(H13/1000*E13,"No Mill Price",K13+H13+(H13*E13/1000)) -> 0 | M13: =H13*'Bucket Category'!G$9/1000 -> 0 | N13: =IF(H13/1000*E13,"No Mill Price",M13+H13+(H13*E13/1000)) -> 0 | O13: =H13*'Bucket Category'!H$9/1000 -> 0 | P13: =IF(H13/1000*E13,"No Mill Price",O13+H13+(H13*E13/1000)) -> 0 | Q13: =H13*'Bucket Category'!I$9/1000 -> 0 | R13: =IF(H13/1000*E13,"No Mill Price",Q13+H13+(H13*E13/1000)) -> 0 | S13: =J13*'Bucket Category'!J$9/1000 -> 0 | T13: =IF(H13/1000*E13,"No Mill Price",S13+H13+(E13*H13/1000)) -> 0 | U13: =VLOOKUP(A13,'[1]Steel Tender'!$A$2:$T$441,20,FALSE) -> 2144.3394 | V13: =U13*H13 -> 0
A14: 511420006 | B14: Material Grade New: EN10088 3CR12 Material Grade Old: N/A Material Shape / Form: Plate Length: 1940mm Width: 1250mm Height: N/A Thickness: 10mm Diameter: N/A General: Material certificate to EN 10204 type 3.1 to be supplied. No rust or corrosion on the surface allowed. FABRICATION METHOD: HOT ROLLED; (HRA) | G14: =F14*H14 -> 0 | I14: =H14*'Bucket Category'!E$9/1000 -> 0 | J14: =IF(E14/1000*H14,"No Mill Price",I14+G14+(H14*E14/1000)) -> 0 | K14: =H14*'Bucket Category'!F$9/1000 -> 0 | L14: =IF(H14/1000*E14,"No Mill Price",K14+H14+(H14*E14/1000)) -> 0 | M14: =H14*'Bucket Category'!G$9/1000 -> 0 | N14: =IF(H14/1000*E14,"No Mill Price",M14+H14+(H14*E14/1000)) -> 0 | O14: =H14*'Bucket Category'!H$9/1000 -> 0 | P14: =IF(H14/1000*E14,"No Mill Price",O14+H14+(H14*E14/1000)) -> 0 | Q14: =H14*'Bucket Category'!I$9/1000 -> 0 | R14: =IF(H14/1000*E14,"No Mill Price",Q14+H14+(H14*E14/1000)) -> 0 | S14: =J14*'Bucket Category'!J$9/1000 -> 0 | T14: =IF(H14/1000*E14,"No Mill Price",S14+H14+(E14*H14/1000)) -> 0 | U14: =VLOOKUP(A14,'[1]Steel Tender'!$A$2:$T$441,20,FALSE) -> 533.31843 | V14: =U14*H14 -> 0
... A34: 611000270 | B34: Material Grade New: EN 10088 3CR12 Material Grade Old: N/A Material Shape / Form: Plate Length: 3282mm Width: 1565mm Height: N/A Thickness: 102mm Diameter: N/A General: Material certificate to EN 10204 type 3.1 to be supplied. No rust or corrosion on the surface allowed. FOR WAGON SIDE/BOTTOM; CCL. | G34: =F34*H34 -> 0 | I34: =H34*'Bucket Category'!E$9/1000 -> 0 | J34: =IF(E34/1000*H34,"No Mill Price",I34+G34+(H34*E34/1000)) -> 0 | K34: =H34*'Bucket Category'!F$9/1000 -> 0 | L34: =IF(H34/1000*E34,"No Mill Price",K34+H34+(H34*E34/1000)) -> 0 | M34: =H34*'Bucket Category'!G$9/1000 -> 0 | N34: =IF(H34/1000*E34,"No Mill Price",M34+H34+(H34*E34/1000)) -> 0 | O34: =H34*'Bucket Category'!H$9/1000 -> 0 | P34: =IF(H34/1000*E34,"No Mill Price",O34+H34+(H34*E34/1000)) -> 0 | Q34: =H34*'Bucket Category'!I$9/1000 -> 0 | R34: =IF(H34/1000*E34,"No Mill Price",Q34+H34+(H34*E34/1000)) -> 0 | S34: =J34*'Bucket Category'!J$9/1000 -> 0 | T34: =IF(H34/1000*E34,"No Mill Price",S34+H34+(E34*H34/1000)) -> 0 | U34: =VLOOKUP(A34,'[1]Steel Tender'!$A$2:$T$441,20,FALSE) -> 26.642461 | V34: =U34*H34 -> 0
A35: 311201501 | B35: =IFERROR(VLOOKUP(A35,[2]Sheet1!$A$2:$B$553,2,FALSE),A35) -> Material Grade New: EN10088 3CR12 Material Grade Old: N/A Material Shape / Form: Plate Length: 2500mm Width: 1200mm Height: N/A Thickness: 6mm Diameter: N/A General: Material certificate to EN 10204 type 3.1 to be supplied. No rust or corrosion on the surface allowed. | G35: =F35*H35 -> 0 | I35: =H35*'Bucket Category'!E$9/1000 -> 0 | J35: =IF(E35/1000*H35,"No Mill Price",I35+G35+(H35*E35/1000)) -> 0 | K35: =H35*'Bucket Category'!F$9/1000 -> 0 | L35: =IF(H35/1000*E35,"No Mill Price",K35+H35+(H35*E35/1000)) -> 0 | M35: =H35*'Bucket Category'!G$9/1000 -> 0 | N35: =IF(H35/1000*E35,"No Mill Price",M35+H35+(H35*E35/1000)) -> 0 | O35: =H35*'Bucket Category'!H$9/1000 -> 0 | P35: =IF(H35/1000*E35,"No Mill Price",O35+H35+(H35*E35/1000)) -> 0 | Q35: =H35*'Bucket Category'!I$9/1000 -> 0 | R35: =IF(H35/1000*E35,"No Mill Price",Q35+H35+(H35*E35/1000)) -> 0 | S35: =J35*'Bucket Category'!J$9/1000 -> 0 | T35: =IF(H35/1000*E35,"No Mill Price",S35+H35+(E35*H35/1000)) -> 0 | U35: =VLOOKUP(A35,'[1]Steel Tender'!$A$2:$T$441,20,FALSE) -> 17.205 | V35: =U35*H35 -> 0
A36: 011840398 | B36: Material Grade New: AISI SAE 304L Material Grade Old: AISI SAE 304 Material Shape / Form: Plate Length: 2500mm Width: 1200mm Height: N/A Thickness: 6mm Diameter: N/A General: Material certificate to EN 10204 type 3.1 to be supplied. No rust or corrosion on the surface allowed. STAINLESS STEEL, MATERIAL GRADE: 304L | G36: =F36*H36 -> 0 | I36: =H36*'Bucket Category'!E$9/1000 -> 0 | J36: =IF(E36/1000*H36,"No Mill Price",I36+G36+(H36*E36/1000)) -> 0 | K36: =H36*'Bucket Category'!F$9/1000 -> 0 | L36: =IF(H36/1000*E36,"No Mill Price",K36+H36+(H36*E36/1000)) -> 0 | M36: =H36*'Bucket Category'!G$9/1000 -> 0 | N36: =IF(H36/1000*E36,"No Mill Price",M36+H36+(H36*E36/1000)) -> 0 | O36: =H36*'Bucket Category'!H$9/1000 -> 0 | P36: =IF(H36/1000*E36,"No Mill Price",O36+H36+(H36*E36/1000)) -> 0 | Q36: =H36*'Bucket Category'!I$9/1000 -> 0 | R36: =IF(H36/1000*E36,"No Mill Price",Q36+H36+(H36*E36/1000)) -> 0 | S36: =J36*'Bucket Category'!J$9/1000 -> 0 | T36: =IF(H36/1000*E36,"No Mill Price",S36+H36+(E36*H36/1000)) -> 0 | U36: =VLOOKUP(A36,'[1]Steel Tender'!$A$2:$T$441,20,FALSE) -> 20.012 | V36: =U36*H36 -> 0
A37: 114000283 | B37: Material Grade New: AISI 304L Material Grade Old: AISI 304 Material Shape / Form: Sheet Length: 3000mm Width: 1500mm Height: N/A Thickness: 3mm Diameter: N/A General: Material certificate to EN 10204 type 3.1 to be supplied. No rust or corrosion on the surface allowed. | G37: =F37*H37 -> 0 | I37: =H37*'Bucket Category'!E$9/1000 -> 0 | J37: =IF(E37/1000*H37,"No Mill Price",I37+G37+(H37*E37/1000)) -> 0 | K37: =H37*'Bucket Category'!F$9/1000 -> 0 | L37: =IF(H37/1000*E37,"No Mill Price",K37+H37+(H37*E37/1000)) -> 0 | M37: =H37*'Bucket Category'!G$9/1000 -> 0 | N37: =IF(H37/1000*E37,"No Mill Price",M37+H37+(H37*E37/1000)) -> 0 | O37: =H37*'Bucket Category'!H$9/1000 -> 0 | P37: =IF(H37/1000*E37,"No Mill Price",O37+H37+(H37*E37/1000)) -> 0 | Q37: =H37*'Bucket Category'!I$9/1000 -> 0 | R37: =IF(H37/1000*E37,"No Mill Price",Q37+H37+(H37*E37/1000)) -> 0 | S37: =J37*'Bucket Category'!J$9/1000 -> 0 | T37: =IF(H37/1000*E37,"No Mill Price",S37+H37+(E37*H37/1000)) -> 0 | U37: =VLOOKUP(A37,'[1]Steel Tender'!$A$2:$T$441,20,FALSE) -> 77.86 | V37: =U37*H37 -> 0
A38: 511420113 | B38: =IFERROR(VLOOKUP(A38,[2]Sheet1!$A$2:$B$553,2,FALSE),A38) -> Material Grade New: EN10088 3CR12 Material Grade Old: N/A Material Shape / Form: Plate Length: 2500mm Width: 1200mm Height: N/A Thickness: 4mm Diameter: N/A General: Material certificate to EN 10204 type 3.1 to be supplied. No rust or corrosion on the surface allowed. HRA Surface Condition | G38: =F38*H38 -> 0 | I38: =H38*'[3]Bucket Category'!E$9/1000 -> 0 | J38: =IF(E38/1000*H38,"No Mill Price",I38+G38+(H38*E38/1000)) -> 0 | K38: =H38*'[3]Bucket Category'!F$9/1000 -> 0 | L38: =IF(H38/1000*E38,"No Mill Price",K38+H38+(H38*E38/1000)) -> 0 | M38: =H38*'[3]Bucket Category'!G$9/1000 -> 0 | N38: =IF(H38/1000*E38,"No Mill Price",M38+H38+(H38*E38/1000)) -> 0 | O38: =H38*'[3]Bucket Category'!H$9/1000 -> 0 | P38: =IF(H38/1000*E38,"No Mill Price",O38+H38+(H38*E38/1000)) -> 0 | Q38: =H38*'[3]Bucket Category'!I$9/1000 -> 0 | R38: =IF(H38/1000*E38,"No Mill Price",Q38+H38+(H38*E38/1000)) -> 0 | S38: =J38*'[3]Bucket Category'!J$9/1000 -> 0 | T38: =IF(H38/1000*E38,"No Mill Price",S38+H38+(E38*H38/1000)) -> 0 | U38: =VLOOKUP(A38,'[1]Steel Tender'!$A$2:$T$441,20,FALSE) -> 1.472 | V38: =U38*H38 -> 0
A39: 611000253 | B39: =IFERROR(VLOOKUP(A39,[2]Sheet1!$A$2:$B$553,2,FALSE),A39) -> Material Grade New: EN10088 3CR12 Material Grade Old: N/A Material Shape / Form: Plate Length: 2500mm Width: 1290mm Height: N/A Thickness: 4.5mm Diameter: N/A General: Material certificate to EN 10204 type 3.1 to be supplied. No rust or corrosion on the surface allowed. FABRICATION METHOD: HO T ROLLED | G39: =F39*H39 -> 0 | I39: =H39*'[3]Bucket Category'!E$9/1000 -> 0 | J39: =IF(E39/1000*H39,"No Mill Price",I39+G39+(H39*E39/1000)) -> 0 | K39: =H39*'[3]Bucket Category'!F$9/1000 -> 0 | L39: =IF(H39/1000*E39,"No Mill Price",K39+H39+(H39*E39/1000)) -> 0 | M39: =H39*'[3]Bucket Category'!G$9/1000 -> 0 | N39: =IF(H39/1000*E39,"No Mill Price",M39+H39+(H39*E39/1000)) -> 0 | O39: =H39*'[3]Bucket Category'!H$9/1000 -> 0 | P39: =IF(H39/1000*E39,"No Mill Price",O39+H39+(H39*E39/1000)) -> 0 | Q39: =H39*'[3]Bucket Category'!I$9/1000 -> 0 | R39: =IF(H39/1000*E39,"No Mill Price",Q39+H39+(H39*E39/1000)) -> 0 | S39: =J39*'[3]Bucket Category'!J$9/1000 -> 0 | T39: =IF(H39/1000*E39,"No Mill Price",S39+H39+(E39*H39/1000)) -> 0 | U39: =VLOOKUP(A39,'[1]Steel Tender'!$A$2:$T$441,20,FALSE) -> 0.50747544 | V39: =U39*H39 -> 0
A40: 611000256 | B40: =IFERROR(VLOOKUP(A40,[2]Sheet1!$A$2:$B$553,2,FALSE),A40) -> Material Grade New: EN10088 3CR12 Material Grade Old: N/A Material Shape / Form: Plate Length: 1705mm Width: 1565mm Height: N/A Thickness: 102mm Diameter: N/A General: Material certificate to EN 10204 type 3.1 to be supplied. No rust or corrosion on the surface allowed. FABRICATION METHOD: HOT ROLLED | G40: =F40*H40 -> 0 | I40: =H40*'[3]Bucket Category'!E$9/1000 -> 0 | J40: =IF(E40/1000*H40,"No Mill Price",I40+G40+(H40*E40/1000)) -> 0 | K40: =H40*'[3]Bucket Category'!F$9/1000 -> 0 | L40: =IF(H40/1000*E40,"No Mill Price",K40+H40+(H40*E40/1000)) -> 0 | M40: =H40*'[3]Bucket Category'!G$9/1000 -> 0 | N40: =IF(H40/1000*E40,"No Mill Price",M40+H40+(H40*E40/1000)) -> 0 | O40: =H40*'[3]Bucket Category'!H$9/1000 -> 0 | P40: =IF(H40/1000*E40,"No Mill Price",O40+H40+(H40*E40/1000)) -> 0 | Q40: =H40*'[3]Bucket Category'!I$9/1000 -> 0 | R40: =IF(H40/1000*E40,"No Mill Price",Q40+H40+(H40*E40/1000)) -> 0 | S40: =J40*'[3]Bucket Category'!J$9/1000 -> 0 | T40: =IF(H40/1000*E40,"No Mill Price",S40+H40+(E40*H40/1000)) -> 0 | U40: =VLOOKUP(A40,'[1]Steel Tender'!$A$2:$T$441,20,FALSE) -> 1.0149509 | V40: =U40*H40 -> 0
A41: 611000255 | B41: =IFERROR(VLOOKUP(A41,[2]Sheet1!$A$2:$B$553,2,FALSE),A41) -> Material Grade New: EN10088 3CR12 Material Grade Old: N/A Material Shape / Form: Plate Length: 2643mm Width: 1290mm Height: N/A Thickness: 102mm Diameter: N/A General: Material certificate to EN 10204 type 3.1 to be supplied. No rust or corrosion on the surface allowed. TOLERANCE OF LENGTH + WIDTH TO BE +0 -2 TOLERANCE OF SQUARENESS TO BE +2 | G41: =F41*H41 -> 0 | I41: =H41*'[3]Bucket Category'!E$9/1000 -> 0 | J41: =IF(E41/1000*H41,"No Mill Price",I41+G41+(H41*E41/1000)) -> 0 | K41: =H41*'[3]Bucket Category'!F$9/1000 -> 0 | L41: =IF(H41/1000*E41,"No Mill Price",K41+H41+(H41*E41/1000)) -> 0 | M41: =H41*'[3]Bucket Category'!G$9/1000 -> 0 | N41: =IF(H41/1000*E41,"No Mill Price",M41+H41+(H41*E41/1000)) -> 0 | O41: =H41*'[3]Bucket Category'!H$9/1000 -> 0 | P41: =IF(H41/1000*E41,"No Mill Price",O41+H41+(H41*E41/1000)) -> 0 | Q41: =H41*'[3]Bucket Category'!I$9/1000 -> 0 | R41: =IF(H41/1000*E41,"No Mill Price",Q41+H41+(H41*E41/1000)) -> 0 | S41: =J41*'[3]Bucket Category'!J$9/1000 -> 0 | T41: =IF(H41/1000*E41,"No Mill Price",S41+H41+(E41*H41/1000)) -> 0 | U41: =VLOOKUP(A41,'[1]Steel Tender'!$A$4:$T$441,20,FALSE) -> 2.85 | V41: =U41*H41 -> 0
A42: 011840398 | B42: Material Grade New: AISI SAE 304L Material Grade Old: AISI SAE 304 Material Shape / Form: Plate Length: 2500mm Width: 1200mm Height: N/A Thickness: 6mm Diameter: N/A General: Material certificate to EN 10204 type 3.1 to be supplied. No rust or corrosion on the surface allowed. STAINLESS STEEL, MATERIAL GRADE: 304L | G42: =F42*H42 -> 0 | I42: =H42*'Bucket Category'!E$9/1000 -> 0 | J42: =IF(E42/1000*H42,"No Mill Price",I42+G42+(H42*E42/1000)) -> 0 | K42: =H42*'Bucket Category'!F$9/1000 -> 0 | L42: =IF(H42/1000*E42,"No Mill Price",K42+H42+(H42*E42/1000)) -> 0 | M42: =H42*'Bucket Category'!G$9/1000 -> 0 | N42: =IF(H42/1000*E42,"No Mill Price",M42+H42+(H42*E42/1000)) -> 0 | O42: =H42*'Bucket Category'!H$9/1000 -> 0 | P42: =IF(H42/1000*E42,"No Mill Price",O42+H42+(H42*E42/1000)) -> 0 | Q42: =H42*'Bucket Category'!I$9/1000 -> 0 | R42: =IF(H42/1000*E42,"No Mill Price",Q42+H42+(H42*E42/1000)) -> 0 | S42: =J42*'Bucket Category'!J$9/1000 -> 0 | T42: =IF(H42/1000*E42,"No Mill Price",S42+H42+(E42*H42/1000)) -> 0 | U42: =VLOOKUP(A42,'[1]Steel Tender'!$A$2:$T$441,20,FALSE) -> 20.012 | V42: =U42*H42 -> 0
V43: =SUM(V29:V42) -> 0
U44: Total Ton | V44: 209.452

Sheet Bucket Category
A1: Important notes for completion of this Pricing Schedule:
A2: DO NOT INSERT OR DELETE ANY ROWS. IF YOU NEED TO MAKE A COMMENT USE THE COLUMN PROVIDED
A3: ONLY COMPLETE THE Green HIGHLIGHTED AREAS
A4: the Respondents are required to outline the value add per category [for internal review purpose]
B6: Value add
B7: Description of STAINLESS STEEL Value Add sub-category | C7: Value Add in ( rand per ton) | E7: Logistics in [Rand/ item weight ( per ton)]
B8: 3CR12, SS 304, SS40 L | E8: Logistics in (BLM) | F8: Logistics in (UTH) | G8: Logistics in (DBN) | H8: Logistics in (KDS) | I8: Logistics in (SRX) | J8: Logistics in (GMX)
B10: CUT TO LENGTH
B12: Margin | E12: Description of Carbon Steel buckets | F12: Margins in (%)
B13: Description of Stainless Steel per Sub-Category (as per column G) | C13: Margins in (%) | E13: Angle | F13: 0.1
B14: 3CR12 HRA | E14: Channel | F14: 0.1
B15: 3CR12 2B | E15: Bar Hexagon | F15: 0.1
B16: 304 | E16: Boiler Plate | F16: 0.1
B17: 300WA | E17: Flat | F17: 0.1
B18: 3CR12 | E18: Flat Bar | F18: 0.1
B19: 3CR12 NO 1 FIN | E19: Galvanised Sheet | F19: 0.1
B20: 3CR12 TUBE | E20: Ibeam | F20: 0.1
B21: ALUMINIUM 5754H22 | E21: Plate | F21: 0.1
B22: AS3678-350 | E22: Round Bar | F22: 0.1
B23: BS EN10137-2 S690QL | E23: Sheet | F23: 0.1
B24: CORTEN A | E24: Square Bar | F24: 0.1
B25: P355NL1 | E25: Tube Round | F25: 0.1
B26: S275JR | E26: U Column | F26: 0.1
B27: S355 | E27: Unequal Angle | F27: 0.1
B28: S355J0+AR
B29: S355JO
B30: S355JR
B31: SS 304
B32: SS 304L
B33: SS 430
B34: other
